 Dungeon Crawl Stone Soup version 0.30-a0-1018-g25214051b3 (webtiles) character file.

Game seed: 1040497318092201008

40 DeathPants the Insei (level 3, 0/26 HPs)
             Began as a Demonspawn Transmuter on Apr 7, 2023.
             Was an Initiate of Gozag.
             Slain by Natasha (6 damage)
             ... on level 2 of the Dungeon.
             The game lasted 00:03:58 (1395 turns).

DeathPants the Insei (Demonspawn Transmuter)        Turns: 1395, Time: 00:03:58

Health: 0/26       AC:  2    Str: 12    XL:     3   Next: 30%
Magic:  5/6        EV: 12    Int: 14    God:    Gozag
Gold:   12         SH:  0    Dex: 13    Spells: 5/6 levels left

rFire   . . .      SeeInvis .      - Unarmed
rCold   . . .      Faith    .    (no shield)
rNeg    . . .      Spirit   .    a - +0 robe
rPois   .          Reflect  .    (helmet currently unavailable)
rElec   .          Rampage  .    (no cloak)
rCorr   .                        (no gloves)
Will    .....                    (boots currently unavailable)
Stlth   +                        (no amulet)
HPRegen 0.24/turn                (no ring)
MPRegen 0.10/turn                (no ring)

@: appendages (expiring), slowed, studying Maces & Flails, very slow
A: talons 2, antennae 1, foul stench 1
a: End Transformation, Renounce Religion, Potion Petition, Call Merchant, Bribe
Branch


You were on level 2 of the Dungeon.
You worshipped Gozag.
Gozag was noncommittal.
You had temporarily grown beastly talons.
You visited 1 branch of the dungeon, and saw 3 of its levels.

You collected 46 gold pieces.
You paid 34 gold pieces to Gozag.

Inventory:

Missiles
 f - 6 silver boomerangs
 h - 9 poisoned darts
Armour
 a - a +0 robe (worn)
Scrolls
 d - 2 scrolls of blinking {unknown}
 e - a scroll of identify {unknown}
 i - a scroll of magic mapping {unknown}
 j - a scroll of amnesia {unknown}
 k - a scroll of immolation {unknown}
 l - 2 scrolls of teleportation {unknown}
 n - a scroll of noise {unknown}
Potions
 b - a potion of lignification
 c - a potion of mutation {unknown}
 g - a potion of curing
 m - a potion of heal wounds {unknown}
 o - a potion of ambrosia {unknown}


   Skills:
 + Level 1.6 Fighting
 + Level 2.2 Dodging
 + Level 3.0 Unarmed Combat
 + Level 2.3 Spellcasting
 + Level 2.2 Transmutations


You had 5 spell levels left.
You knew the following spells:

 Your Spells              Type           Power      Damage    Failure   Level
a - Beastly Appendage     Tmut           14%        N/A       10%         1

Your spell library contained the following spells:

 Spells                   Type           Power      Damage    Failure   Level
 Wereblood                Tmut           7%         N/A       14%         2
 Apportation              Tloc           2%         N/A       22%         1
 Magic Dart               Conj           4%         1d3       22%         1
 Necrotise                Necr           4%         1d4       22%         1
 Shock                    Conj/Air       4%         1d3       22%         1
 Summon Small Mammal      Summ           4%         N/A       22%         1
 Call Imp                 Summ           2%         N/A       34%         2
 Spider Form              Tmut/Pois      4%         N/A       41%         3
 Mephitic Cloud           Conj/Pois/Air  1%         N/A       56%         3
 Portal Projectile        Hex/Tloc       2%         N/A       56%         3
 Swiftness                Air            1%         N/A       56%         3
 Tukima's Dance           Hex            1%         N/A       56%         3
 Ice Form                 Ice/Tmut       4%         N/A       82%         4
 Airstrike                Air            0%         2d(1-17)  92%         4
 Blade Hands              Tmut           3%         N/A       95%         5


Dungeon Overview and Level Annotations

Branches:
Dungeon (3/15)

Altars:
Gozag

Shops:
D:1 [

Annotations:
D:2 Natasha


Innate Abilities, Weirdness & Mutations

You have temporarily grown beastly talons.
You have a pair of small antennae on your head.
You may rarely emit foul miasma when damaged in melee.


Message History

d - 2 scrolls labelled WIAXECU VARYI (gained 1)
You pick up a manual of Maces & Flails and begin studying.
Found 4 stones.
A giant cockroach comes into view.
A giant cockroach is nearby!
Natasha, Servant of Life and Death comes into view.
Natasha hisses angrily.
Natasha casts a spell at you. The magic dart hits you.
Casting: Beastly Appendage (safe; 10% risk of failure)
Press: ? - help, Q - select action, (/) - cycle Dir - look around, f - activate Your feet morph into talons.
The giant cockroach bites you but does no damage.
The giant cockroach attacks as you move away!
The giant cockroach bites you.
Found a thin glowing staff.
The giant cockroach barely misses you. Natasha barely misses you.
You see here 11 gold pieces.
You hit Natasha but do no damage.
The giant cockroach bites you but does no damage.
Natasha stares at you and mumbles some strange words.
You feel yourself slow down.
You closely miss Natasha. You claw Natasha, but do no damage.
The giant cockroach barely misses you.
Natasha hisses.
Natasha barely misses you.
You hit Natasha. You claw Natasha.
Natasha is heavily wounded.
The giant cockroach barely misses you.
Natasha mumbles some strange words.
You feel troubled. Natasha claws you! The giant cockroach barely misses you.
You closely miss Natasha.
Natasha is heavily wounded.
Your transformation is almost over.
Natasha claws you!
* * * LOW HITPOINT WARNING * * *
The giant cockroach completely misses you.
The giant cockroach closely misses you. Natasha claws you.
You die...
Your body crumbles into a pile of gold.

.### .# . .... ...### .
..... ..... . .....
|..### . ...... .......
. .###...###...##..
....#...................
....#...#.#...#B#...##..
................@.......
........#...#.#.#h......
........................
........................
............#.#.##.##...
................# #.+ ..
.............(.## ## .
............####
......#.....#


You could see Natasha and a giant cockroach.

Vanquished Creatures
  2 adders (D:2)
  A dart slug (D:1)
  2 endoplasms
  3 giant cockroaches (D:1)
  2 goblins (D:1)
  3 hobgoblins
  A quokka (D:2)
  A ball python (D:3)
  3 kobolds
  A rat (D:1)
19 creatures vanquished.

Notes
Turn   | Place    | Note
-------+----------+-------------------------------------------
     0 | D:1      | DeathPants the Demonspawn Transmuter began the quest for
                  | the Orb.
     0 | D:1      | Reached XP level 1. HP: 15/15 MP: 3/3
   103 | D:1      | Found Cuipt's Antique Armour Emporium.
   272 | D:1      | Gained mutation: You may rarely emit foul miasma when
                  | damaged in melee. [demonic ancestry]
   272 | D:1      | Reached XP level 2. HP: 21/21 MP: 3/5
  1124 | D:3      | Lost mutation: You have a pair of horns on your head.
                  | [demonic ancestry]
  1124 | D:3      | Lost mutation: You have a pair of small horns on your head.
                  | [demonic ancestry]
  1124 | D:3      | Gained mutation: You have a pair of small antennae on your
                  | head. [demonic ancestry]
  1124 | D:3      | Reached XP level 3. HP: 26/26 MP: 4/6
  1270 | D:2      | Found an opulent altar of Gozag.
  1293 | D:2      | Reached skill level 3 in Unarmed Combat
  1309 | D:2      | Became a worshipper of Gozag Ym Sagoz the Greedy
  1386 | D:2      | Noticed Natasha
  1395 | D:2      | Slain by Natasha

Illustrated notes

Levels and vault maps discovered:
D:1:      dpeg_arrival_rhombus, layout_basic, serial_shops, nicolae_shop_crystal
D:2:      minmay_inner_zag, layout_basic, basic_altar, grunt_decor_resistance,
          uniq_natasha, uniq_sigmund
D:3:      layout_basic, nicolae_wu_jian_wuxing_cycle,
          dreamdust_princess_corridor, st_stairs_5,
          nicolae_kite_square_tiling_tiny, uniq_jessica

Skill      XL: |  1  2  3 |
---------------+----------+-----
Dodging        | 2 |  2.2
Transmutations | 2 |  2.2
Unarmed Combat | 3 |  3.0
Fighting       | |  1.6
Spellcasting   | |  2.3

Action                     || total
---------------------------++-------
  Melee: Unarmed           ||    60
         Headbutt          ||     3
         Kick              ||     8
         Punch             ||     2
   Cast: Beastly Appendage ||    15
    Use: Potion            ||     1
 Armour: Robe              ||    20
  Dodge: Dodged            ||    46

Table legend: (Time is in decaauts)
 A = Elapsed time spent in this place.
 B = Non-inter-level travel time spent in this place.
 C = Inter-level travel time spent in this place.
 D = Time resting spent in this place.
 E = Time spent auto-exploring this place.
 F = Levels seen in this place.
 G = Mean time per level.
                   A        B        C        D        E       F      G
               +--------+--------+--------+--------+--------+-----+--------+
         Total |   1394 |   1378 |     16 |    137 |    936 |   3 |  464.7 |
       Dungeon |   1394 |   1378 |     16 |    137 |    936 |   3 |  464.7 |
               +--------+--------+--------+--------+--------+-----+--------+

Top non-repeatable levels by time:
     D:1: 834 daAuts
     D:2: 537 daAuts
     D:3: 22 daAuts
